[Event "Titled Tuesday Blitz January 18 2022"]
[White "Prohorov, Olexandr"]
[Black "Weetik, Vjacheslav"]
[WhiteFideId "14105578"]
[BlackFideId "4153472"]
[WhiteElo "1993"]
[BlackElo "2469"]
[Result "1/2-1/2"]
[Round "03"]
[TimeControl "180+1"]
[Date "2022.01.18"]
[WhiteClock "0:00:37"]
[BlackClock "0:00:28"]

1. Nf3 Nf6 2. d4 g6 3. c4 Bg7 4. Nc3 O-O 5. g3 d5 6. Bg2 c6 7. cxd5 cxd5 8. O-O Ne4 9. Bf4 Nxc3 10. bxc3 Nc6 11. Nd2 b6 12. e4 dxe4 13. Bxe4 Bb7 14. Qf3 Qd7 15. Qg2 Na5 16. Rfe1 e6 17. h4 Rac8 18. Rac1 Bd5 19. Rc2 Rc6 20. Bxd5 Qxd5 21. Qxd5 exd5 22. Nf3 f6 23. Re7 Rf7 24. Re8+ Rf8 25. Re7 a6 26. Ra7 b5 27. Re2 1/2-1/2


[Site "https://www.chess.com"]

[Event "Titled Tuesday Blitz January 18 2022"]
[White "Punin, Andrii"]
[Black "Oparin, Grigoriy"]
[WhiteFideId "14112639"]
[BlackFideId "24125890"]
[WhiteElo "2357"]
[BlackElo "2685"]
[Result "1/2-1/2"]
[Round "03"]
[TimeControl "180+1"]
[Date "2022.01.18"]
[WhiteClock "0:00:06"]
[BlackClock "0:00:21"]

1. e4 d6 2. d4 g6 3. Nf3 Bg7 4. c3 Nf6 5. Bd3 O-O 6. O-O Nc6 7. h3 e5 8. Re1 h6 9. Be3 Re8 10. d5 Ne7 11. Nbd2 g5 12. Nh2 Ng6 13. Bf1 Nf4 14. Ng4 h5 15. Nxf6+ Bxf6 16. Kh2 Kg7 17. Nc4 g4 18. g3 Nxh3 19. Bxh3 gxh3 20. Qxh5 Rh8 21. Qf3 Qd7 22. a4 Qg4 23. Qh1 Bd7 24. Bd2 Qg6 25. Ne3 Bg5 26. Qf3 Bxe3 27. Qxe3 f5 28. exf5 Bxf5 29. Qg5 Qxg5 30. Bxg5 Kg6 31. Be3 Bg4 32. c4 a5 33. Rac1 b6 34. Rc3 Raf8 35. Rb1 Bf5 36. Re1 Bd7 37. b3 Rf3 38. Bd4 Rf7 39. Be3 Rhf8 40. Rc2 Bg4 41. Rb2 Kh5 42. Rc1 Ra8 43. Re1 Kg6 44. Rc1 Bf3 45. Re1 Kf5 46. Rbb1 Kg4 47. Rb2 Raf8 48. Rbb1 Be4 49. Rb2 Bg6 50. Ree2 Rf3 51. Re1 Bd3 52. Rd2 Bh7 53. Rb2 Rc8 54. Rd2 Bg6 55. Red1 Be8 56. Re1 Bd7 57. Rdd1 Rcf8 58. Rd2 R8f7 59. Rb2 Bf5 60. Rd2 Bg6 61. Rb2 Bd3 62. Rd2 e4 63. Rb2 Rf8 64. Rd2 Rc8 65. Rb2 c6 66. dxc6 Rxc6 67. Rd2 Rf5 68. Rb2 d5 69. cxd5 Rxd5 70. Rc1 Rxc1 71. Bxc1 Rc5 72. Be3 Rc6 73. b4 Rc4 74. Bxb6 axb4 75. a5 e3 76. Bxe3 Re4 77. Rd2 Ba6 78. Rd4 Rxd4 79. Bxd4 b3 80. Bb2 Bc8 81. Bc3 Kf3 82. Bd4 Ke4 83. Bf6 Kf3 84. Bd4 Kg4 85. Be5 Kf5 86. Bd4 Ke4 87. Bf6 Kd3 88. Be5 Kc4 89. Bf6 Kb5 90. Bc3 Kc4 91. Bf6 Kb4 92. a6 Bxa6 93. Kxh3 Kc4 94. Kh4 Kd5 95. Bh8 Ke6 96. Bb2 Bd3 97. g4 Kf7 98. f4 Kg6 99. f5+ Bxf5 100. gxf5+ Kxf5 101. Kg3 Ke4 102. Bh8 Kd3 103. Kf2 Kc2 104. Ke2 b2 105. Bxb2 1/2-1/2


[Site "https://www.chess.com"]

[Event "Titled Tuesday Blitz January 18 2022"]
[White "Raja Rithvik R"]
[Black "Kashefi, Amir Hosein"]
[WhiteFideId "35007394"]
[BlackFideId "12557935"]
[WhiteElo "2255"]
[BlackElo "2098"]
[Result "1-0"]
[Round "03"]
[TimeControl "180+1"]
[Date "2022.01.18"]
[WhiteClock "0:00:24"]
[BlackClock "0:00:01"]

1. b3 d5 2. Bb2 Nf6 3. e3 Bf5 4. Nf3 c6 5. Be2 Nbd7 6. O-O e6 7. Nh4 Bg6 8. d3 Bd6 9. Nd2 O-O 10. Nxg6 hxg6 11. e4 dxe4 12. dxe4 Qc7 13. g3 Be5 14. c3 Bd6 15. f4 e5 16. f5 gxf5 17. Rxf5 Rad8 18. Qc2 Nc5 19. Raf1 Be7 20. b4 Rxd2 21. Qxd2 Ncxe4 22. Qc2 a5 23. a3 c5 24. Bd3 Nd6 25. Rxe5 c4 26. Bf5 axb4 27. cxb4 b5 28. Rc5 Qa7 29. Bxf6 Bxf6 30. Bh7+ Kh8 31. Kg2 Qa8+ 32. Kh3 Re8 33. Rh5 Qb8 34. Re1 1-0


[Site "https://www.chess.com"]

[Event "Titled Tuesday Blitz January 18 2022"]
[White "Rangel, Daniel"]
[Black "Shyaamnikhil P"]
[WhiteFideId "2124475"]
[BlackFideId "5024218"]
[WhiteElo "2187"]
[BlackElo "2292"]
[Result "1/2-1/2"]
[Round "03"]
[TimeControl "180+1"]
[Date "2022.01.18"]
[WhiteClock "0:00:10"]
[BlackClock "0:00:11"]

1. e4 c6 2. d4 d5 3. e5 Bf5 4. c4 e6 5. Nc3 Ne7 6. h3 Nd7 7. Nf3 h6 8. b3 Bh7 9. Be2 dxc4 10. bxc4 Nf5 11. O-O Be7 12. d5 cxd5 13. cxd5 exd5 14. Nxd5 O-O 15. Nxe7+ Nxe7 16. Ba3 Re8 17. Qb3 Qb6 18. Bb5 Nc6 19. Bd6 Be4 20. Bxc6 Bxc6 21. Qxb6 axb6 22. Rfe1 Ra5 23. a3 Bxf3 24. gxf3 Nxe5 25. Bxe5 Raxe5 26. Rxe5 Rxe5 27. Rb1 b5 28. Rc1 Re6 29. Rc8+ Kh7 30. Rc7 Rb6 31. Rxf7 b4 32. axb4 Rxb4 33. Kg2 h5 34. Rc7 h4 35. Re7 Kg6 36. Re4 Rxe4 37. fxe4 Kg5 38. Kf3 Kf6 39. Ke3 g5 40. f3 Ke5 41. Kd3 Kf4 42. Kd4 Kxf3 43. e5 g4 44. hxg4 h3 45. e6 h2 46. e7 h1=Q 47. e8=Q Qd1+ 48. Kc3 Qc1+ 49. Kb3 Qb1+ 50. Kc3 Qa1+ 51. Kc2 Qa2+ 52. Kc1 Qa3+ 53. Kc2 Qc5+ 54. Kd3 Qd6+ 55. Kc2 Qc7+ 56. Kb3 Qb6+ 57. Kc4 Kxg4 58. Qd7+ Kf4 59. Qd4+ Qxd4+ 60. Kxd4 b5 61. Kc5 b4 62. Kxb4 1/2-1/2


[Site "https://www.chess.com"]

[Event "Titled Tuesday Blitz January 18 2022"]
[White "Romanchuk, Viktor"]
[Black "Eljanov, Pavel"]
[WhiteFideId "14109271"]
[BlackFideId "14102951"]
[WhiteElo "2242"]
[BlackElo "2601"]
[Result "0-1"]
[Round "03"]
[TimeControl "180+1"]
[Date "2022.01.18"]
[WhiteClock "0:00:15"]
[BlackClock "0:00:46"]

1. d4 Nf6 2. c4 e6 3. Nc3 Bb4 4. e3 O-O 5. Ne2 Re8 6. a3 Bf8 7. Ng3 d5 8. Be2 c5 9. dxc5 a5 10. O-O Bxc5 11. Rb1 Nc6 12. cxd5 exd5 13. Nb5 g6 14. Bd2 h5 15. Re1 h4 16. Nf1 h3 17. Ng3 hxg2 18. Kxg2 Qd7 19. Bf1 Ne5 20. Nd4 Qd6 21. b4 axb4 22. Bxb4 Bxb4 23. axb4 Bg4 24. Be2 Bxe2 25. Qxe2 Qd7 26. h4 Kg7 27. Rh1 Nc6 28. Nxc6 bxc6 29. h5 d4 30. hxg6 fxg6 31. Rbd1 Qd5+ 32. Qf3 Qxf3+ 33. Kxf3 dxe3 34. fxe3 Ra3 35. Rhe1 Nd5 36. Nf1 Rf8+ 37. Ke4 Nc3+ 0-1


[Site "https://www.chess.com"]

[Event "Titled Tuesday Blitz January 18 2022"]
[White "Rozen, Eytan"]
[Black "Babiy, Olga"]
[WhiteFideId "2816750"]
[BlackFideId "14117258"]
[WhiteElo "2115"]
[BlackElo "2252"]
[Result "1-0"]
[Round "03"]
[TimeControl "180+1"]
[Date "2022.01.18"]
[WhiteClock "0:00:04"]
[BlackClock "0:00:01"]

1. d3 b5 2. c4 a6 3. e4 g6 4. Nf3 Bg7 5. Nc3 b4 6. Nd5 c5 7. h4 e6 8. Nf4 h5 9. Ng5 Nc6 10. g3 Nh6 11. Bh3 O-O 12. O-O Ne5 13. Nf3 Neg4 14. Rb1 d6 15. b3 a5 16. d4 cxd4 17. Nxd4 Qb6 18. Nb5 Rd8 19. Kg2 Ba6 20. Qe2 Bxb5 21. cxb5 Rab8 22. f3 Ne5 23. Be3 Qxb5 24. Qxb5 Rxb5 25. Rbc1 Rbb8 26. Rc7 Rdc8 27. Nxe6 Nhg4 28. fxg4 fxe6 29. Rxc8+ Rxc8 30. gxh5 Re8 31. hxg6 Nxg6 32. Bb6 Bc3 33. Rd1 d5 34. exd5 exd5 35. Rxd5 Re2+ 36. Kf3 Rxa2 37. Be6+ Kg7 38. Rxa5 Rb2 39. Ra7+ Kf6 40. Bd5 Ne5+ 41. Kf4 Nd3+ 42. Kg4 Ne5+ 43. Kh5 Rd2 44. Bd8+ Kf5 45. Ra5 1-0


[Site "https://www.chess.com"]

[Event "Titled Tuesday Blitz January 18 2022"]
[White "Sadhwani, Raunak"]
[Black "Lovkov, Roman"]
[WhiteFideId "35093487"]
[BlackFideId "4157389"]
[WhiteElo "2616"]
[BlackElo "2371"]
[Result "1-0"]
[Round "03"]
[TimeControl "180+1"]
[Date "2022.01.18"]
[WhiteClock "0:01:39"]
[BlackClock "0:00:15"]

1. e4 c5 2. Nf3 d6 3. Bb5+ Nd7 4. Ba4 Nf6 5. O-O g6 6. c4 Bg7 7. Nc3 O-O 8. d3 Ne5 9. Nxe5 dxe5 10. Be3 b6 11. h3 Ne8 12. a3 Nc7 13. b4 Ne6 14. Nd5 Bd7 15. Rb1 Rc8 16. Bxd7 Qxd7 17. Qd2 Nd4 18. Bh6 e6 19. Bxg7 Kxg7 20. Ne3 Rfd8 21. Ng4 Qe7 22. Nxe5 f5 23. Rbe1 f4 24. Qxf4 Rf8 25. Qg3 cxb4 26. axb4 Qxb4 27. Nd7 Nc6 28. Nxf8 Rxf8 29. Qc7+ Rf7 30. Qxc6 1-0


[Site "https://www.chess.com"]

[Event "Titled Tuesday Blitz January 18 2022"]
[White "Salinas Herrera, Pablo"]
[Black "Liyanage, Ranindu Dilshan"]
[WhiteFideId "3407128"]
[BlackFideId "9915834"]
[WhiteElo "2541"]
[BlackElo "1858"]
[Result "1-0"]
[Round "03"]
[TimeControl "180+1"]
[Date "2022.01.18"]
[WhiteClock "0:00:57"]
[BlackClock "0:00:17"]

1. e4 e6 2. d4 d5 3. Nc3 Bb4 4. Ne2 dxe4 5. a3 Bxc3+ 6. Nxc3 Nc6 7. d5 exd5 8. Qxd5 Be6 9. Qxe4 Nf6 10. Qa4 Qe7 11. Be2 O-O-O 12. O-O Kb8 13. Be3 Nd7 14. Rad1 Nb6 15. Qb5 Qf6 16. Bg5 Rxd1 17. Bxf6 Rxf1+ 18. Bxf1 gxf6 19. Qh5 f5 20. h4 Ne5 21. Qh6 Ng6 22. h5 Ne7 23. Qg7 Rg8 24. Qxh7 Nd7 25. Qh6 Nc6 26. Qf4 Nce5 27. h6 Ng6 28. Qg5 Nde5 29. Be2 f4 30. Ne4 Rh8 31. Nf6 a6 32. h7 a5 33. Bh5 b6 34. Qh6 a4 35. Qg7 Kb7 36. f3 b5 37. Ne4 Kb6 38. Ng5 Kb7 39. Nxe6 1-0


[Site "https://www.chess.com"]

[Event "Titled Tuesday Blitz January 18 2022"]
[White "Samadov, Read"]
[Black "Cori T., Deysi"]
[WhiteFideId "13417444"]
[BlackFideId "3801934"]
[WhiteElo "2084"]
[BlackElo "2350"]
[Result "1-0"]
[Round "03"]
[TimeControl "180+1"]
[Date "2022.01.18"]
[WhiteClock "0:01:43"]
[BlackClock "0:00:14"]

1. d4 f5 2. c4 Nf6 3. Nc3 g6 4. h4 d6 5. h5 Nxh5 6. Rxh5 gxh5 7. e4 fxe4 8. Qxh5+ Kd7 9. Qh3+ e6 10. Nxe4 c6 11. Nf3 Kc7 12. Bg5 Qd7 13. Qh2 b6 14. c5 bxc5 15. dxc5 e5 16. Nxe5 Qe6 17. cxd6+ Kb6 18. Be3+ Ka5 19. Nc4+ Kb4 20. a3+ Kb3 21. Nc5+ Kc2 22. Bd3# 1-0


[Site "https://www.chess.com"]

[Event "Titled Tuesday Blitz January 18 2022"]
[White "Samunenkov, Ihor"]
[Black "Dolzhykova, Kateryna"]
[WhiteFideId "14187086"]
[BlackFideId "14113414"]
[WhiteElo "2406"]
[BlackElo "2165"]
[Result "1-0"]
[Round "03"]
[TimeControl "180+1"]
[Date "2022.01.18"]
[WhiteClock "0:00:41"]
[BlackClock "0:00:19"]

1. d4 Nf6 2. c4 e6 3. Nc3 d5 4. cxd5 exd5 5. Bg5 c6 6. e3 Be7 7. Qc2 O-O 8. Bd3 h6 9. Bh4 Re8 10. Nge2 Ne4 11. Bxe7 Qxe7 12. Bxe4 dxe4 13. O-O Bf5 14. Rad1 Nd7 15. d5 Rac8 16. dxc6 bxc6 17. Ng3 Bg4 18. Rd4 Nf6 19. Ncxe4 Nxe4 20. Rxe4 Bf5 21. Rxe7 Bxc2 22. Rxe8+ Rxe8 23. Rc1 Ba4 24. b3 Bb5 25. a4 Bd3 26. Rxc6 Rb8 27. Rc3 Bb1 28. Ne2 Ba2 29. Nd4 Kf8 30. Kf1 Bb1 31. Ke2 Be4 32. f3 Bb7 33. e4 Rd8 34. Ke3 g6 35. Rc7 Rb8 36. b4 a6 37. b5 axb5 38. axb5 h5 39. h4 Kg7 40. Ne6+ Kf6 41. Nc5 Bc8 42. b6 Be6 43. b7 Bc4 1-0


[Site "https://www.chess.com"]

[Event "Titled Tuesday Blitz January 18 2022"]
[White "San, Thit Lwin"]
[Black "Csonka, Balazs"]
[WhiteFideId "13001272"]
[BlackFideId "742910"]
[WhiteElo "2232"]
[BlackElo "2404"]
[Result "0-1"]
[Round "03"]
[TimeControl "180+1"]
[Date "2022.01.18"]
[WhiteClock "0:00:05"]
[BlackClock "0:00:06"]

1. Nf3 Nf6 2. c4 e6 3. Nc3 d5 4. d4 Ne4 5. Qc2 Nxc3 6. bxc3 dxc4 7. Ne5 b5 8. a4 c6 9. g3 f6 10. Nf3 Bb7 11. Bg2 Be7 12. O-O O-O 13. axb5 cxb5 14. Ng5 fxg5 15. Bxb7 Nd7 16. Qe4 Rb8 17. Qxe6+ Kh8 18. Rxa7 Nc5 19. Qd5 Rxb7 20. Qxd8 Rxd8 21. Ra2 Ne4 22. Rc2 g4 23. f3 gxf3 24. exf3 Nf6 25. Re1 Kg8 26. Bf4 Nd5 27. Be5 b4 28. cxb4 Bxb4 29. Rb1 c3 30. Kf2 Ra7 31. Ke2 Rda8 32. Kd3 Kf7 33. Ke4 Ra5 34. f4 R8a7 35. g4 Be7 36. f5 Nf6+ 37. Bxf6 Bxf6 38. Rxc3 Rd7 39. Rd3 Ra4 40. Rbd1 h6 41. h3 Ke7 0-1


[Site "https://www.chess.com"]

[Event "Titled Tuesday Blitz January 18 2022"]
[White "Sanal, Vahap"]
[Black "Korchmar, Vasiliy"]
[WhiteFideId "6300545"]
[BlackFideId "24131750"]
[WhiteElo "2603"]
[BlackElo "2370"]
[Result "1-0"]
[Round "03"]
[TimeControl "180+1"]
[Date "2022.01.18"]
[WhiteClock "0:01:02"]
[BlackClock "0:00:03"]

1. e4 c5 2. Nf3 d6 3. d4 cxd4 4. Nxd4 Nf6 5. Nc3 Nc6 6. Bg5 e6 7. Qd2 a6 8. O-O-O h6 9. Be3 Be7 10. f3 Nxd4 11. Bxd4 b5 12. Kb1 Rb8 13. g4 b4 14. Ne2 e5 15. Be3 Be6 16. Ng3 Qa5 17. b3 d5 18. Nf5 Bxf5 19. gxf5 dxe4 20. Qg2 exf3 21. Qxf3 O-O 22. Bc4 Rbc8 23. Rhg1 Kh7 24. Qg3 Rg8 25. Bxf7 Ne4 26. Qg6+ Kh8 27. Rd3 Rxc2 28. Kxc2 Qxa2+ 29. Kd1 Nc3+ 30. Rxc3 bxc3 31. Bxg8 c2+ 32. Ke1 Bb4+ 33. Kf1 Qb1+ 34. Kg2 1-0


[Site "https://www.chess.com"]

[Event "Titled Tuesday Blitz January 18 2022"]
[White "Seo, Jung Min"]
[Black "Sjoberg, Isak"]
[WhiteFideId "1734687"]
[BlackFideId "1521640"]
[WhiteElo "2401"]
[BlackElo "2016"]
[Result "1-0"]
[Round "03"]
[TimeControl "180+1"]
[Date "2022.01.18"]
[WhiteClock "0:00:39"]
[BlackClock "0:00:01"]

1. d4 Nf6 2. c4 e6 3. Nf3 c5 4. d5 exd5 5. cxd5 d6 6. Nc3 g6 7. e4 Bg7 8. Be2 O-O 9. O-O Re8 10. Nd2 Na6 11. Re1 Nc7 12. Bf1 Rb8 13. a4 b6 14. Nc4 Ba6 15. Bf4 Bxc4 16. Bxc4 Nh5 17. Bd2 a6 18. Qe2 Qc8 19. Rab1 f5 20. Qd3 f4 21. b4 Rf8 22. e5 f3 23. exd6 Qg4 24. g3 Ne8 25. bxc5 Rf5 26. d7 Nef6 27. d6+ Kh8 28. c6 Nxg3 29. fxg3 Qh3 30. Qf1 f2+ 31. Qxf2 Rxf2 32. Kxf2 Ng4+ 33. Ke2 Qg2+ 34. Kd1 Qf3+ 35. Kc2 Qf5+ 36. Bd3 Qf8 37. c7 Ra8 38. Bxa6 1-0


[Site "https://www.chess.com"]

[Event "Titled Tuesday Blitz January 18 2022"]
[White "Song, Michael"]
[Black "Andreikin, Dmitry"]
[WhiteFideId "2613190"]
[BlackFideId "4158814"]
[WhiteElo "2274"]
[BlackElo "2736"]
[Result "1-0"]
[Round "03"]
[TimeControl "180+1"]
[Date "2022.01.18"]
[WhiteClock "0:00:34"]
[BlackClock "0:00:08"]

1. e4 c5 2. c3 d5 3. exd5 Qxd5 4. d4 Nf6 5. Nf3 e6 6. Na3 a6 7. Nc4 Nbd7 8. Be2 cxd4 9. Nxd4 Be7 10. O-O O-O 11. a4 Ne5 12. Nb6 Qd8 13. Nxa8 Bd7 14. Nf3 Nxf3+ 15. Bxf3 Qxa8 16. Bg5 Bc8 17. Bxf6 Bxf6 18. Qb3 Qb8 19. Rad1 Qc7 20. g3 g6 21. Rd2 h5 22. h4 b6 23. Rfd1 Be7 24. Kg2 Kg7 25. Rd4 Bc5 26. R4d3 Bb7 27. Qc4 Bxf3+ 28. Kxf3 b5 29. axb5 axb5 30. Qe4 Qb6 31. R3d2 Kg8 32. Kg2 Be7 33. Rd7 Bf6 34. Rb7 Qc5 35. Rdd7 Bg7 36. Qd3 Qc6+ 37. Kg1 Ra8 38. Rd8+ Rxd8 39. Qxd8+ Bf8 40. Rb8 Qc5 41. b4 1-0


[Site "https://www.chess.com"]

[Event "Titled Tuesday Blitz January 18 2022"]
[White "Sychev, Klementy"]
[Black "Koelle, Tobias"]
[WhiteFideId "4114060"]
[BlackFideId "16207378"]
[WhiteElo "2564"]
[BlackElo "2541"]
[Result "1-0"]
[Round "03"]
[TimeControl "180+1"]
[Date "2022.01.18"]
[WhiteClock "0:01:38"]
[BlackClock "0:00:10"]

1. d4 Nf6 2. c4 g6 3. Nc3 Bg7 4. e4 O-O 5. f4 Na6 6. Nf3 c5 7. e5 Ng4 8. dxc5 Nxc5 9. h3 Nh6 10. Be3 d6 11. Be2 b6 12. O-O dxe5 13. fxe5 Nf5 14. Bf2 Bh6 15. Qxd8 Rxd8 16. Nd5 Bb7 17. g4 Bxd5 18. cxd5 Ne3 19. g5 Nxf1 20. gxh6 Rxd5 21. Rxf1 Ne4 22. Bc4 Rdd8 23. Bh4 Rac8 24. b3 b5 25. Bxb5 Rc2 26. Bxe7 Rdc8 27. Bc4 Rxa2 28. Ng5 Nxg5 29. Bxg5 Rc7 30. e6 Ra5 31. Bd8 Rxc4 32. exf7+ Kf8 33. Be7+ Kxe7 34. f8=Q+ Kd7 35. bxc4 Kc6 36. Qc8+ Kd6 37. Qd8+ Ke5 38. Qxa5+ Kd4 39. Qd5+ Kc3 40. c5 Kb4 41. c6 a5 42. c7 a4 43. c8=Q a3 44. Qcc4# 1-0


[Site "https://www.chess.com"]

[Event "Titled Tuesday Blitz January 18 2022"]
[White "Talibov, Shiroghlan"]
[Black "Erece, Ece Alkim"]
[WhiteFideId "13429078"]
[BlackFideId "6346006"]
[WhiteElo "2070"]
[BlackElo "1662"]
[Result "0-1"]
[Round "03"]
[TimeControl "180+1"]
[Date "2022.01.18"]
[WhiteClock "0:00:19"]
[BlackClock "0:01:44"]

1. e4 c5 2. Nf3 g6 3. c3 Bg7 4. d4 cxd4 5. cxd4 d5 6. exd5 Nf6 7. d6 exd6 8. Bb5+ Nbd7 9. O-O O-O 10. Nc3 a6 11. Ba4 b5 12. Bb3 Nb6 13. Bg5 h6 14. Bh4 g5 15. Bg3 d5 16. Ne5 Be6 17. Re1 Rc8 18. Rc1 Nfd7 19. Bc2 Nxe5 20. Bxe5 Qd7 21. Qd3 f5 22. Qh3 Bxe5 23. Rxe5 Kg7 24. Rce1 Rce8 25. Ne2 Nc4 26. Ng3 Nxe5 27. Rxe5 f4 28. Nh5+ Kg8 29. Qf3 Bg4 30. Qc3 Rxe5 31. dxe5 Bxh5 32. Bb3 Bf7 33. Qd4 Rc8 34. h3 f3 35. Kh2 fxg2 36. Kg1 Qxh3 0-1


[Site "https://www.chess.com"]

[Event "Titled Tuesday Blitz January 18 2022"]
[White "Timofeev, Artyom"]
[Black "Barria Zuniga, Daniel"]
[WhiteFideId "4140419"]
[BlackFideId "3400816"]
[WhiteElo "2583"]
[BlackElo "2414"]
[Result "0-1"]
[Round "03"]
[TimeControl "180+1"]
[Date "2022.01.18"]
[WhiteClock "0:00:05"]
[BlackClock "0:00:15"]

1. d4 d5 2. c4 e6 3. Nc3 Nf6 4. Bg5 dxc4 5. e3 a6 6. Bxc4 b5 7. Be2 Bb7 8. Bf3 c6 9. Nge2 Nbd7 10. O-O Be7 11. Rc1 Qb6 12. e4 Rd8 13. Qc2 c5 14. dxc5 Bxc5 15. Bxf6 gxf6 16. Ng3 Bd6 17. Nh5 Be5 18. Ne2 Ke7 19. Qb3 b4 20. Rfd1 Nc5 21. Qc4 a5 22. Rxd8 Rxd8 23. Nef4 Rc8 24. Qe2 Na4 25. Rxc8 Bxc8 26. b3 Nc3 27. Qc2 Ba6 28. g3 Qd6 29. Kg2 h6 30. h4 Qd4 31. Kg1 Bb7 32. Nd3 Bxe4 33. Bxe4 Qxe4 34. Nhf4 Bxf4 35. gxf4 f5 36. Qd2 Qd4 37. Kf1 f6 38. Qc2 Kf7 39. Ne1 Qe4 40. Qd2 Qh1# 0-1


[Site "https://www.chess.com"]

[Event "Titled Tuesday Blitz January 18 2022"]
[White "Tregubov, Pavel V."]
[Black "Pires, Marcos Vinicius Torsani"]
[WhiteFideId "4115341"]
[BlackFideId "2118939"]
[WhiteElo "2341"]
[BlackElo "2273"]
[Result "1-0"]
[Round "03"]
[TimeControl "180+1"]
[Date "2022.01.18"]
[WhiteClock "0:01:25"]
[BlackClock "0:00:21"]

1. e4 c6 2. Nf3 d5 3. Nc3 Bg4 4. h3 Bxf3 5. Qxf3 Nf6 6. g3 e6 7. Bg2 Nbd7 8. d4 dxe4 9. Nxe4 Nxe4 10. Qxe4 Nf6 11. Qd3 Bd6 12. O-O O-O 13. c4 Re8 14. Be3 Qc7 15. Rab1 a5 16. Rfd1 Rad8 17. Qb3 Rd7 18. a3 Qc8 19. Qa4 Bc7 20. b4 axb4 21. axb4 Qa8 22. Qxa8 Rxa8 23. b5 Ra4 24. bxc6 Rd8 25. Rxb7 Rc8 26. d5 exd5 27. cxd5 Bd6 28. Bf4 Bxf4 29. gxf4 Ne8 30. d6 Nxd6 31. Rxd6 Rxf4 32. c7 1-0


[Site "https://www.chess.com"]

[Event "Titled Tuesday Blitz January 18 2022"]
[White "Tristan, Leonardo"]
[Black "Hakobyan, Aram"]
[WhiteFideId "113816"]
[BlackFideId "13306677"]
[WhiteElo "2404"]
[BlackElo "2557"]
[Result "0-1"]
[Round "03"]
[TimeControl "180+1"]
[Date "2022.01.18"]
[WhiteClock "0:00:04"]
[BlackClock "0:00:51"]

1. d4 Nf6 2. Nf3 e6 3. Bf4 d5 4. e3 c5 5. Nbd2 Qb6 6. Rb1 cxd4 7. exd4 Bd7 8. c3 Bb5 9. Qb3 Bxf1 10. Nxf1 Qa6 11. a4 Nc6 12. Qb5 Qb6 13. N1d2 Be7 14. O-O O-O 15. Rfe1 Rfc8 16. Ra1 Bd8 17. h4 h6 18. Qxb6 Bxb6 19. Ne5 Bc7 20. Nxc6 bxc6 21. Bxc7 Rxc7 22. b4 a5 23. bxa5 Rxa5 24. Nb3 Ra8 25. Nc5 Nd7 26. Nxd7 Rxd7 27. Reb1 Rc7 28. c4 Rca7 29. Rb4 h5 30. Kf1 Kh7 31. Ke2 Kg6 32. c5 Kf5 33. Ra3 f6 34. Rf3+ Kg6 35. Ra3 Ra5 36. f3 e5 37. Ke3 Kf5 38. g3 R8a7 39. Kd3 g5 40. hxg5 fxg5 41. Ra2 exd4 42. Kxd4 h4 43. gxh4 gxh4 44. Ke3 Rh7 45. Rh2 h3 46. Rf4+ Ke5 47. Rg4 Rxc5 48. Rg5+ Kf6 49. Rg3 Rc3+ 50. Kd2 Rc4 51. Rgxh3 Rxh3 52. Rxh3 Kg6 53. Rg3+ Kf5 54. Rg4 Rc5 55. Kd3 Ra5 56. Kc2 c5 57. Kb3 Ke5 58. Rg8 Ra7 59. Re8+ Kd4 60. Rh8 c4+ 61. Ka3 Kc3 62. Rd8 d4 63. Rd5 d3 64. a5 d2 65. Ka4 Kc2 66. Kb5 c3 67. Kb6 Ra8 68. a6 d1=Q 69. Rxd1 Kxd1 70. Kb7 Rf8 71. a7 c2 72. a8=Q Rxa8 0-1


[Site "https://www.chess.com"]

[Event "Titled Tuesday Blitz January 18 2022"]
[White "Tsvetkov, Andrey"]
[Black "Sadovsky, Artem"]
[WhiteFideId "34139360"]
[BlackFideId "4155840"]
[WhiteElo "2280"]
[BlackElo "2369"]
[Result "1-0"]
[Round "03"]
[TimeControl "180+1"]
[Date "2022.01.18"]
[WhiteClock "0:00:34"]
[BlackClock "0:00:19"]

1. d4 g6 2. c4 Bg7 3. e4 d6 4. Nc3 e5 5. d5 f5 6. exf5 gxf5 7. Qh5+ Kf8 8. Nf3 Nf6 9. Qh4 h6 10. Be2 Na6 11. O-O Bd7 12. Ne1 Nc5 13. Nd3 Nfe4 14. Qh5 Nxc3 15. bxc3 Nxd3 16. Bxd3 e4 17. Bc2 Qe8 18. Qh3 Qe5 19. Be3 Qxc3 20. Bxe4 Qf6 21. Bc2 Qf7 22. Rae1 f4 23. Qh4 Be5 24. Bd2 Kg7 25. Rb1 b6 26. Rfe1 Qf6 27. Qh5 Qg5 28. Qf3 Rhf8 29. h3 Rae8 30. Bc3 Kg8 31. Bxe5 Rxe5 32. Rxe5 Qxe5 33. Kh2 Kh8 34. Rd1 a5 35. Rd2 Re8 36. Qd3 f3+ 37. g3 Qg7 38. Qxf3 Rf8 39. Qd3 Bf5 40. Qe3 Bxc2 41. Rxc2 Qg6 42. Re2 Rf7 43. Kg2 Kh7 44. Qe6 Qxe6 45. dxe6 Re7 46. f4 Kg6 47. g4 Kf6 48. f5 Re8 49. Kg3 c6 50. h4 b5 51. cxb5 cxb5 52. Kf4 Ke7 53. g5 hxg5+ 54. hxg5 Rc8 55. f6+ Kf8 56. g6 Rc4+ 57. Kg5 Rc5+ 58. Kh6 Rh5+ 59. Kxh5 Ke8 60. g7 Kd8 61. g8=Q+ Kc7 62. e7 Kb6 63. e8=Q Kc5 64. f7 Kb4 65. f8=Q Ka3 1-0


[Site "https://www.chess.com"]

[Event "Titled Tuesday Blitz January 18 2022"]
[White "Tsydypov, Zhamsaran"]
[Black "Rasulov, Vugar"]
[WhiteFideId "4108566"]
[BlackFideId "13402390"]
[WhiteElo "2614"]
[BlackElo "2560"]
[Result "0-1"]
[Round "03"]
[TimeControl "180+1"]
[Date "2022.01.18"]
[WhiteClock "0:00:20"]
[BlackClock "0:00:38"]

1. e4 c5 2. Nf3 e6 3. d4 cxd4 4. Nxd4 a6 5. Be2 Nf6 6. Nc3 Bb4 7. e5 Nd5 8. O-O Nxc3 9. bxc3 Be7 10. Qd3 d6 11. exd6 Qxd6 12. Rd1 Qc7 13. Qg3 Qxg3 14. hxg3 Nd7 15. Rb1 h5 16. Bf3 Rb8 17. Re1 g5 18. Nf5 g4 19. Nxe7 Kxe7 20. Be2 b5 21. Ba3+ Kf6 22. c4 bxc4 23. Rxb8 Nxb8 24. Bb2+ e5 25. Bxg4 Nc6 26. Bd1 Bf5 27. f4 Kg6 28. fxe5 Rd8 29. Be2 Rd2 30. Bf1 Rxc2 31. Bc1 Nxe5 32. Be3 Nd3 33. Rd1 Rxa2 34. Bd4 a5 35. Rb1 a4 36. Rb6+ Be6 37. Ra6 Kf5 38. Kh2 Ke4 39. Bg7 a3 40. Ra5 Bd5 41. Kg1 Rc2 42. Rxa3 Rc1 43. Ra1 Rxa1 44. Bxa1 Be6 45. Bc3 Bg4 46. Ba5 f5 47. Bc3 Ke3 48. Bf6 Kd2 49. Bg5+ Kc2 50. Be3 c3 51. Bd4 Kd2 52. Bf6 c2 53. Bg5+ Kc3 54. Bxd3 Kxd3 55. Kf2 Kc3 56. Bc1 Kb3 57. Ke3 Ka2 58. Kd2 Kb1 59. Ba3 Bd1 60. Bc1 Be2 61. Ba3 Bf1 62. Bc1 Bxg2 63. Ba3 Bd5 64. Bc1 Be6 65. Ba3 f4 66. gxf4 h4 67. Ke3 h3 68. Kf2 c1=Q 69. Bxc1 Kxc1 70. Kg3 Bf5 71. Kh2 Kd2 72. Kg3 Ke3 73. Kh2 Kxf4 0-1


[Site "https://www.chess.com"]

[Event "Titled Tuesday Blitz January 18 2022"]
[White "Vazquez, Facundo"]
[Black "Rustemov, Alexander"]
[WhiteFideId "3007669"]
[BlackFideId "4119002"]
[WhiteElo "1984"]
[BlackElo "2888"]
[Result "0-1"]
[Round "03"]
[TimeControl "180+1"]
[Date "2022.01.18"]
[WhiteClock "0:00:03"]
[BlackClock "0:00:24"]

1. d4 d5 2. c4 dxc4 3. e4 Nf6 4. e5 Nd5 5. Bxc4 Nb6 6. Bd3 Nc6 7. Ne2 Be6 8. Nbc3 Qd7 9. O-O O-O-O 10. Be3 Nxe5 11. Bb5 Nc6 12. a4 a6 13. a5 Nc4 14. Bxc4 Bxc4 15. b3 Bxe2 16. Nxe2 e6 17. Qc2 Bb4 18. Rfc1 Kb8 19. Nf4 Bxa5 20. Nd3 Bb6 21. Nc5 Bxc5 22. dxc5 Qd3 23. Qb2 e5 24. b4 Qb5 25. Rab1 Rd3 26. Qa2 Rd7 27. Qc2 g6 28. h3 Rhd8 29. Bg5 Nd4 30. Qe4 Ne2+ 31. Kh2 Nxc1 32. Bxd8 Rxd8 33. Rxc1 f6 34. Rc4 Qc6 35. Qxc6 bxc6 36. f4 Kb7 37. fxe5 fxe5 38. Kg3 Rd4 39. Rxd4 exd4 40. Kf3 a5 41. bxa5 Ka6 42. Ke4 Kxa5 43. Kd3 Kb4 44. Kxd4 g5 45. g3 h5 46. g4 hxg4 47. hxg4 Kb5 48. Ke5 Kxc5 49. Kf6 Kd4 50. Kxg5 c5 51. Kf6 c4 52. g5 c3 53. g6 c2 54. g7 c1=Q 55. g8=Q Qf4+ 56. Ke7 Qd6+ 57. Ke8 c5 58. Qg1+ Kc4 59. Qc1+ Kb5 60. Qb1+ Kc6 61. Qa1 Qd7+ 62. Kf8 Qd4 63. Qa6+ Kd5 64. Qb5 Qf6+ 65. Ke8 Qc6+ 0-1


[Site "https://www.chess.com"]